 Dungeon Crawl Stone Soup version 0.32-a0-43-g058985b245 (webtiles) character file.

Game seed: 13722839931487442243

600544 BubbleThief the Slayer (level 27, -1/313 HPs)
             Began as a Naga Alchemist on Feb 5, 2024.
             Was an Elder of Elyvilon.
             Killed from afar by an orb of fire (61 damage)
             ... with a bolt of fire
             ... on level 5 of the Realm of Zot.
             The game lasted 02:56:04 (70368 turns).

BubbleThief the Slayer (Naga Alchemist)            Turns: 70368, Time: 02:56:05

Health: -1/313     AC: 54    Str: 28      XL:     27
Magic:  33/52      EV:  1    Int: 37 (38) God:    Elyvilon [****..]
Gold:   3744       SH: 14    Dex: 14 (16) Spells: 38/66 levels left

rFire   . . .        G - +9 broad axe (flame)
rCold   + + +        N - +0 kite shield {AC+3}
rNeg    + . .        V - +10 pearl dragon scales
rPois   +            S - +3 crown of Dyrovepreva {rElec Int+2 SInv}
rElec   +            w - +4 dragonskin cloak
rCorr   +            M - +0 pair of gloves of the Guardian {rC+}
SInv    +            A - +6 lightning scales {swift, rElec}
Will    +++..        v - amulet "Numouzoc" {^Fragile Regen+ Int+4 Dex+3}
Stlth   +            D - ring "Joxteu" {rElec rCorr Str+9 Int+6 SInv}
HPRegen 1.52/turn    i - ring of Rirhit {rC+ Str+6 Int+4}
MPRegen 0.33/turn

%: no passive effects
@: mighty, divinely vigorous, about to teleport, resistant, vertiginous,
studying Polearms, slow
A: AC +9, large, see invisible, deformed body, poison resistance, slowness 2,
spit poison 1, naga tail 2, clumsy 1, deterioration 2, dopey 1, frail 1, low MP
1, heat vulnerability 1, inability to drink after injury 1
}: 4/15 runes: decaying, serpentine, silver, abyssal
a: Spit Poison, Renounce Religion, Purification, Heal Other, Heal Self


You were on level 5 of the Realm of Zot.
You worshipped Elyvilon.
Elyvilon was greatly pleased with you.
You visited 10 branches of the dungeon, and saw 48 of its levels.
You visited the Abyss 2 times.
You visited 1 ziggurat, and saw 8 of its levels.
You also visited: Gauntlet and Desolation.

You collected 9409 gold pieces.
You spent 5665 gold pieces at shops.

Inventory:

Hand Weapons
 u - a +2 broad axe of protection
 G - a +9 broad axe of flaming (weapon)
Missiles
 q - 3 throwing nets
Armour
 w - the +4 dragonskin cloak (worn)
   (You took it off Tiamat on level 2 of the Realm of Zot)

   Avatar's Aegis: It grants the wearer a chance to resist fire, cold, poison,
   electricity, acid, and negative energy.
 A - the +6 lightning scales (worn) {swift, rElec}
   (You found it in the Desolation of Salt)

   Swift:     It allows the wearer to cover ground more swiftly.
   rElec:     It insulates you from electricity.
 E - a +1 helmet of intelligence
 M - the +0 pair of gloves of the Guardian (worn) {rC+}
   (You found it in a Gauntlet)

   rC+:       It protects you from cold.
 N - a +0 kite shield of protection (worn)
 S - the +3 crown of Dyrovepreva (worn) {rElec Int+2 SInv}
   (You bought it in a shop on level 2 of the Dungeon)

   Int+2:     It affects your intelligence (+2).
   rElec:     It insulates you from electricity.
   SInv:      It lets you see invisible.
 V - +10 pearl dragon scales (worn)
Jewellery
 i - the ring of Rirhit (right hand) {rC+ Str+6 Int+4}
   (You found it on level 1 of the Realm of Zot)

   [ring of strength]

   Str+6:     It affects your strength (+6).
   Int+4:     It affects your intelligence (+4).
   rC+:       It protects you from cold.
 v - the amulet "Numouzoc" (around neck) {^Fragile Regen+ Int+4 Dex+3}
   (You found it on level 1 of the Realm of Zot)

   [amulet of regeneration]

   Int+4:     It affects your intelligence (+4).
   Dex+3:     It affects your dexterity (+3).
   Regen+:    It increases your rate of health regeneration.
   ^Fragile:  It will be destroyed if unequipped.
 x - an amulet of magic regeneration
 D - the ring "Joxteu" (left hand) {rElec rCorr Str+9 Int+6 SInv}
   (You found it on level 5 of the Lair of Beasts)

   [ring of intelligence]

   Str+9:     It affects your strength (+9).
   Int+6:     It affects your intelligence (+6).
   rElec:     It insulates you from electricity.
   SInv:      It lets you see invisible.
   rCorr:     It protects you from acid and corrosion.
 L - an amulet of regeneration
Wands
 z - a wand of flame (9)
 O - a wand of digging (16)
Scrolls
 a - 8 scrolls of fog
 c - 23 scrolls of identify
 d - 10 scrolls of amnesia
 e - 2 scrolls of revelation
 f - 14 scrolls of teleportation
 o - a scroll of vulnerability
 p - 3 scrolls of fear
 y - 9 scrolls of blinking
 H - 7 scrolls of poison
 J - 2 scrolls of silence
 Q - 3 scrolls of enchant weapon
 U - 2 scrolls of butterflies
 Y - a scroll of brand weapon
Potions
 b - 2 potions of magic
 g - 14 potions of curing
 h - 2 potions of enlightenment
 j - 16 potions of might
 k - 7 potions of lignification
 l - 3 potions of resistance
 m - 6 potions of cancellation
 n - 7 potions of haste
 r - 7 potions of mutation
 s - 12 potions of brilliance
 t - 16 potions of heal wounds
 F - 3 potions of invisibility
 P - 11 potions of attraction
 R - a potion of berserk rage
 Z - a potion of ambrosia
Miscellaneous
 I - a phantom mirror (inert)


   Skills:
 - Level 22.7 Fighting
 - Level 18.0 Axes
 - Level 12.0 Armour
 - Level 1.5 Dodging
 - Level 3.0 Stealth
 - Level 18.0 Shields
 - Level 20.4 Spellcasting
 + Level 13.4 Conjurations
 + Level 12.9 Fire Magic
 - Level 13.1 Alchemy
 - Level 12.0 Invocations


You had 38 spell levels left.
You knew the following spells:

 Your Spells              Type           Power      Damage    Failure   Level
a - Fire Storm            Conj/Fire      47%        8d12      100%        9
b - Mephitic Cloud        Conj/Alch/Air  80%        N/A       1%          3
c - Olgreb's Toxic Radia  Alch           94%        N/A       1%          4
d - Sticky Flame          Fire/Alch      93%        2d14      1%          4
e - Blink                 Tloc           74%        N/A       8%          2
f - Eringya's Noxious Bo  Alch           47%        4d6       4%          6

Your spell library contained the following spells:

 Spells                   Type           Power      Damage    Failure   Level
 Kiss of Death            Conj/Necr      100%       2d13      1%          1
 Magic Dart               Conj           100%       1d8       1%          1
 Sting                    Conj/Alch      100%       1d9       1%          1
 Mercury Vapours          Alch/Air       100%       N/A       1%          2
 Scorch                   Fire           100%       2d9       1%          2
 Searing Ray              Conj           100%       2d8       1%          2
 Dazzling Flash           Conj/Hex       100%       N/A       1%          3
 Hailstorm                Conj/Ice       72%        3d13      1%          3
 Stone Arrow              Conj/Erth      100%       3d13      1%          3
 Volatile Blastmotes      Fire/Tloc      100%       2d18      1%          3
 Flame Wave               Conj/Fire      94%        2d20      1%          4
 Fulminant Prism          Conj/Alch      47%        3d21      1%          4
 Alistair's Intoxication  Alch           62%        N/A       1%          5
 Fireball                 Conj/Fire      47%        3d19      1%          5
 Iskenderun's Battlesphe  Conj           95%        2d14      1%          5
 Brom's Barrelling Bould  Conj/Erth      72%        2d9       4%          4
 Iskenderun's Mystic Bla  Conj/Tloc      72%        2d15      4%          4
 Leda's Liquefaction      Alch/Erth      36%        N/A       4%          4
 Petrify                  Alch/Erth      72%        N/A       4%          4
 Starburst                Conj/Fire      47%        6d13      4%          6
 Apportation              Tloc           74%        N/A       5%          1
 Freeze                   Ice            100%       1d10      5%          1
 Necrotise                Necr           100%       1d9       5%          1
 Slow                     Hex            100%       N/A       5%          1
 Summon Small Mammal      Summ           100%       N/A       5%          1
 Call Imp                 Summ           74%        N/A       8%          2
 Ensorcelled Hibernation  Hex/Ice        74%        N/A       8%          2
 Jinxbite                 Hex            74%        N/A       8%          2
 Arcjolt                  Conj/Air       36%        1d46      9%          5
 Yara's Violent Unravell  Hex/Alch       36%        3d15      9%          5
 Call Canine Familiar     Summ           37%        N/A       13%         3
 Confusing Touch          Hex            37%        N/A       13%         3
 Frozen Ramparts          Ice            74%        1d12      13%         3
 Fugue of the Fallen      Necr           37%        N/A       13%         3
 Ozocubu's Armour         Ice            37%        N/A       13%         3
 Sigil of Binding         Hex            37%        N/A       13%         3
 Summon Ice Beast         Ice/Summ       37%        N/A       13%         3
 Tukima's Dance           Hex            37%        N/A       13%         3
 Vampiric Draining        Necr           37%        2d8       13%         3
 Orb of Destruction       Conj           47%        9d12      14%         7
 Anguish                  Hex/Necr       18%        N/A       34%         4
 Animate Armour           Summ/Erth      74%        N/A       34%         4
 Dimensional Bullseye     Hex/Tloc       18%        N/A       34%         4
 Dispel Undead            Necr           37%        3d15      34%         4
 Manifold Assault         Tloc           37%        N/A       34%         4
 Passage of Golubria      Tloc           37%        N/A       34%         4
 Summon Lightning Spire   Summ/Air       37%        N/A       34%         4
 Vhi's Electric Charge    Tloc/Air       74%        N/A       34%         4
 Conjure Ball Lightning   Conj/Air       36%        3x3d12    34%         6
 Plasma Beam              Fire/Air       35%        2x1d49    36%         6
 Borgnjor's Vile Clutch   Necr/Erth      18%        N/A       65%         5
 Curse of Agony           Necr           37%        N/A       65%         5
 Lee's Rapid Deconstruct  Erth           18%        3d11*     65%         5
 Metabolic Englaciation   Hex/Ice        18%        N/A       65%         5
 Silence                  Hex/Air        18%        N/A       65%         5
 Summon Forest            Summ/Tloc      18%        N/A       65%         5
 Summon Mana Viper        Hex/Summ       37%        N/A       65%         5
 Dispersal                Tloc           18%        N/A       99%         6
 Summon Cactus Giant      Summ           18%        N/A       99%         6
 Enfeeble                 Hex            18%        N/A       100%        7
 Malign Gateway           Summ/Tloc      18%        N/A       100%        7
 Monstrous Menagerie      Summ           18%        N/A       100%        7
 Ozocubu's Refrigeration  Ice            18%        4d11      100%        7
 Discord                  Hex            18%        N/A       100%        8
 Disjunction              Tloc           18%        N/A       100%        8
 Lehudib's Crystal Spear  Conj/Erth      36%        10d9      100%        8
 Maxwell's Capacitive Co  Air            18%        ∞         100%        8
 Summon Horrible Things   Summ           18%        N/A       100%        8


Dungeon Overview and Level Annotations

Branches:
Dungeon (15/15)            Temple (1/1) D:4            Lair (5/5) D:10
  Swamp (4/4) Lair:2        Snake (4/4) Lair:3        Slime (0/5) Lair:4
    Orc (2/2) D:10            Elf (3/3) Orc:2        Vaults (5/5) D:13
  Crypt (0/3) Vaults:3     Depths (4/4) D:15            Zot (5/5) Depths:4
Desolation (visited)      Gauntlet (visited)

Altars:
Ashenzari
Cheibriados
Dithmenos
Elyvilon
Fedhas
Gozag
Hepliaklqana
Kikubaaqudgha
Makhleb
Nemelex Xobeh
Okawaru
Qazlal
Ru
Sif Muna
Trog
Uskayaw
Vehumet
Wu Jian
Xom
Yredelemnul
Zin
The Shining One
Jiyva

Shops:
D:2 *   Orc:2 [(*?[   Elf:1 *(   Elf:3 :   Snake:1 [   Vaults:5 ???
Depths:2 [[[??   Depths:4 [

Portals:
Hell: Depths:1 Depths:2 Depths:3 Depths:4
Abyss: Depths:1 Depths:3
Pandemonium: Depths:2
Trove: Vaults:3 (give 4 potions of resistance)

Annotations:
Swamp:1 1 runed translucent door, ShellytheWitch's ghost, adept KoBr
Vaults:2 1 runed translucent door, Ambrosia's ghost, adept MiGl


Innate Abilities, Weirdness & Mutations

Your serpentine skin is tough. (AC +9)
You have supernaturally acute eyesight. (SInv)
Armour fits poorly on your strangely shaped body.
Your system is resistant to poisons. (rPois)
You cover ground very slowly.
You can spit poison.
You can use your snake-like lower body to constrict enemies.
You are clumsy. (Dex -2)
Your body often deteriorates upon taking damage.
You are dopey. (Int -2)
You are frail. (-10% HP)
Your magical capacity is low. (-10% MP)
You are vulnerable to heat. (rF-)
You occasionally lose the ability to drink potions when taking damage.


Message History

The orb of fire emits a lurid red light.
The bolt of fire hits you!!! You resist.
* * * LOW HITPOINT WARNING * * *
Unknown command.
You are healed.
The orb of fire glows deep purple.
The bolt of fire hits the orb of fire.
The orb of fire completely resists.
The bolt of fire hits you!
* * * LOW HITPOINT WARNING * * *
The orb of fire glows deep purple.
Strange energies course through your body.
You occasionally lose the ability to drink potions when taking damage.
You are healed.
You can no longer call upon Elyvilon for divine vigour.
The orb of fire glows red.
The bolt of fire hits you!!
* * * LOW HITPOINT WARNING * * *
Unknown command.
You are healed.
The orb of fire glows yellow.
The fireball explodes!
The fireball engulfs you!!!
* * * LOW HITPOINT WARNING * * *
The fireball engulfs the orb of fire.
The orb of fire completely resists.
The fireball engulfs the orb of fire.
The orb of fire completely resists.
You hear a shout!
You are healed.
The orb of fire glows yellow.
The bolt of fire hits you! You resist.
* * * LOW HITPOINT WARNING * * *
The Killer Klown blinks!
The orb of fire glows bright magenta.
The bolt of fire hits you!!
* * * LOW HITPOINT WARNING * * *
You are healed.
The orb of fire glows yellow.
The bolt of fire hits you. You resist.
* * * LOW HITPOINT WARNING * * *
The orb of fire glows yellow.
The bolt of fire hits you!!!
You die...

^. ... D... #▓▓▓▓▓▓▓▓▓▓▓##.... #
###.@*X.........?... ##
##...*##D....*.......
.###########...###..............
..............###...............
..........^..## #..^............
.............# #...............
#........)).## #..^.........^..
#...........# #.^........^^...
#...........## #...............


You could see 2 orbs of fire, a storm dragon and an Orb Guardian.

Vanquished Creatures
  2 dread liches
  An orb of fire (Zot:5)
  Tiamat (Zot:2)
  2 ancient liches (Vaults:5)
  A juggernaut (Depths:4)
  Boris (Vaults:1)
  2 Killer Klowns
  Parghit (Depths:3)
  Vashnia (Snake:3)
  5 caustic shrikes (Depths:4)
  14 golden dragons
  3 bone dragons
  Norris (Depths:1)
  3 doom hounds
  An electric golem (Zot:5)
  21 tentacled monstrosities
  10 Orb Guardians (Zot:5)
  Mlioglotl (Snake:4)
  A lich (Depths:2)
  3 deep elf master archers (Elf:3)
  A walking earthen tome (Depths:3)
  A walking frostbound tome (Depths:2)
  3 titans
  Grunn (Depths:3)
  4 deep elf blademasters (Elf:3)
  5 quicksilver dragons
  An acid blob (Zig:2)
  4 sphinxes
  A walking divine tome (Depths:3)
  Frances (Swamp:2)
  6 death cobs
  Kirke (D:15)
  Agnes (D:15)
  A tentacled starspawn (Abyss:3)
  16 shadow dragons
  16 storm dragons
  4 thorn hunters
  5 tengu reavers
  2 revenants
  3 nagarajas
  4 fire giants
  6 protean progenitors
  A fenstrider witch (Swamp:4)
  6 draconian knights
  2 draconian monks
  7 draconian shifters
  An imperial myrmidon (Desolation)
  A draconian scorcher (Zot:3)
  6 frost giants
  An iron dragon (Vaults:4)
  Louise (Snake:4)
  7 deep elf sorcerers (Elf:3)
  2 reapers
  17 vault wardens
  2 curse skulls
  3 orc warlords
  4 spectral caustic shrikes (Depths:4)
  A deep elf elementalist (Elf:3)
  2 draconian stormcallers
  17 ironbound preservers
  A formless jellyfish (Vaults:2)
  2 spriggan defenders (Depths:4)
  20 very ugly things
  A quicksilver ooze (Zig:2)
  7 ironbound thunderhulks
  2 draconian annihilators
  2 vampire knights
  6 deep elf demonologists
  13 stone giants
  A putrid mouth (Zig:4)
  9 green draconians
  A minotaur (Gauntlet)
  6 white draconians
  7 black draconians
  6 deep elf death magi
  2 war gargoyles
  4 eleionomae
  Azrael (Orc:2)
  7 bunyips
  5 dire elephants
  4 halazid warlocks (Desolation)
  11 purple draconians
  10 yellow draconians
  8 deep elf annihilators
  2 eidola (Zig:6)
  3 spark wasps (Depths:3)
  11 red draconians
  2 crystal guardians
  2 green deaths
  Snorg (D:12)
  10 ettins
  A quicksilver dragon zombie (D:15)
  2 merfolk javelineers (Depths:4)
  7 fire dragons
  3 entropy weavers
  14 yaktaur captains
  8 ragged hierophants (Desolation)
  33 vault guards
  5 great orbs of eyes
  A shambling mangrove (Abyss:3)
  5 spriggan air magi
  6 ice dragons
  4 deep elf high priests
  11 peacekeepers
  4 alligators
  14 anacondas
  An ogre mage (D:15)
  15 hydras
  4 rakshasas
  4 servants of whispers (Desolation)
  7 ironbound frosthearts
  5 boulder beetles
  2 jorogumos (Zot:5)
  4 salamander tyrants
  6 ghost crabs
  24 centaur warriors
  Erica (Orc:1)
  8 two-headed ogres
  4 death yaks
  32 dancing weapons
  7 deep troll shamans
  A demonic crawler (Depths:1)
  The ghost of cforsyth the Fighter, a novice DjWr (D:6)
  3 vampire magi
  8 tengu warriors
  An orc high priest (Orc:2)
  8 spriggan berserkers
  10 hell knights
  10 naga warriors
  2 occultists (Depths:1)
  Urug (Orc:2)
  5 deep troll earth magi
  A storm dragon zombie (D:15)
  21 naga sharpshooters
  A sun demon (Depths:2)
  18 deep elf knights
  5 shock serpents
  4 thrashing horrors
  9 iron trolls
  3 skysharks (Depths:1)
  A shadow wraith (Depths:1)
  2 soul eaters
  3 salamander mystics (Snake:4)
  2 fire crabs (Abyss:3)
  8 goliath frogs
  A sixfirhy (Zig:8)
  A spark wasp zombie (D:15)
  A deep troll (shapeshifter) (Vaults:5)
  A glowing orange brain (shapeshifter) (Vaults:1)
  4 spriggan druids
  6 skeletal warriors
  A glowing orange brain (Depths:1)
  7 mana vipers
  7 naga ritualists
  An orb spider (shapeshifter) (Vaults:5)
  5 large abominations
  57 deep trolls
  A sea snake (shapeshifter) (Zig:1)
  13 swamp dragons
  2 flayed ghosts
  12 bog bodies
  4 necromancers
  4 phantasmal warriors
  A harpy (shapeshifter) (D:13)
  10 deep elf archers
  12 harpies
  11 arcanists
  An orange crystal statue (Elf:3)
  30 ironbound convokers
  3 lindwurms
  8 orc knights
  19 deep elf zephyrmancers
  An obsidian statue (D:14)
  4 cyclopes
  A wolf spider (shapeshifter) (Vaults:5)
  23 deep elf pyromancers
  12 salamanders
  2 manticores
  46 ugly things
  18 elephants
  18 moths of wrath
  A wolf spider (Depths:1)
  A will-o-the-wisp (Swamp:2)
  An elephant (shapeshifter) (Vaults:5)
  2 apocalypse crabs
  3 worldbinders
  2 guardian serpents (shapeshifter)
  A water nymph (shapeshifter) (Vaults:5)
  Joseph (D:9)
  Maurice (D:12)
  7 kobold blastminers
  24 vault sentinels
  53 black mambas
  8 guardian serpents
  10 cane toads
  2 orange demons
  A torpor snail (shapeshifter) (Vaults:1)
  A smoke demon (Abyss:2)
  3 molten gargoyles (Desolation)
  17 naga magi
  6 eyes of devastation (Zot:5)
  3 torpor snails
  3 gargoyles
  4 rime drakes
  34 yaktaurs
  An efreet (Abyss:1)
  4 unseen horrors
  4 kobold demonologists
  A tormentor (Depths:3)
  9 komodo dragons
  Psyche (D:11)
  2 freezing wraiths
  A komodo dragon (shapeshifter) (Depths:1)
  3 tengu conjurers
  A merfolk (shapeshifter) (Zig:3)
  9 tyrant leeches
  7 trolls
  19 hornets
  7 raiju
  50 saltlings (Desolation)
  7 polar bears
  4 tarantellas (Zot:4)
  25 blink frogs
  Sigmund (D:4)
  3 snapping turtles (Zot:5)
  A glass eye (Depths:1)
  8 dream sheep
  3 small abominations
  A centaur simulacrum (D:15)
  18 slime creatures
  24 spriggans
  7 water elementals
  4 air elementals
  2 wraiths
  3 hogs (D:15)
  4 wyverns
  A basilisk (D:10)
  2 yaks (shapeshifter)
  52 yaks
  A redback (shapeshifter) (Vaults:5)
  3 fire elementals
  A neqoxec (Abyss:3)
  A chaos spawn (Depths:1)
  5 wargs
  34 nagas
  3 redbacks (Vaults:2)
  3 acid dragons
  26 vampire mosquitoes
  21 swamp worms
  A water moccasin (shapeshifter) (Vaults:5)
  12 water moccasins
  7 hell hounds (Orc:2)
  Duvessa (D:4)
  8 swamp drakes
  2 laughing skulls (D:15)
  An ice beast (D:7)
  33 orc warriors
  4 black bears (Lair:5)
  11 ogres
  11 boggarts
  14 wolves (Lair:5)
  19 centaurs
  2 phantoms
  Blork the orc (D:5)
  15 bullfrogs
  9 kobold brigands
  3 earth elementals
  2 gnoll sergeants
  10 scorpions
  5 wights (D:7)
  Dowan (D:4)
  9 killer bees
  3 howler monkeys (D:7)
  An electric eel (Lair:3)
  2 crimson imps (D:14)
  3 centaur zombies (D:7)
  A bombardier beetle (D:3)
  21 orc priests
  3 hounds
  3 jellies
  3 scorpion zombies (D:7)
  24 starcursed masses
  2 iron imps (D:14)
  12 human skeletons (Vaults:3)
  4 iguanas
  A sleepcap (D:6)
  18 orc wizards
  10 hell rats
  A killer bee zombie (D:7)
  2 ogre zombies (D:7)
  2 hound zombies (D:7)
  3 howler monkey zombies (D:7)
  10 gnolls
  9 adders
  9 white imps
  2 ufetubi (D:5)
  An adder zombie (D:7)
  4 dart slugs
  83 orcs
  8 bats
  5 endoplasms
  5 giant cockroaches
  12 hobgoblins
  3 jackals (D:5)
  A quokka (D:1)
  7 ball pythons
  3 frilled lizards
  11 goblins
  31 kobolds
  3 rats
  A butterfly (Lair:4)
  4 starspawn tentacles (Abyss:3)
  2 tentacles (Abyss:3)
2218 creatures vanquished.

Vanquished Creatures (collateral kills)
  An ugly thing (D:14)
1 creature vanquished.

Vanquished Creatures (others)
  An ancient lich (Zot:5)
  Nikola (Vaults:1)
  A golden dragon (Depths:3)
  Jorgrun (Orc:2)
  A kraken (Abyss:3)
  A draconian knight (Zot:3)
  Erolcha (D:10)
  A naga sharpshooter (Zig:7)
  A deep elf knight (Elf:2)
  A deep troll (Vaults:1)
  A deep elf pyromancer (Elf:2)
  A deep elf zephyrmancer (Elf:1)
  A phantasmal warrior (Vaults:5)
  A black mamba (Zig:7)
  4 bloated husks
  A human (D:15)
  3 vampire mosquitoes (Swamp:2)
  An earth elemental (Abyss:3)
  10 foxfires (Swamp:2)
  3 tentacles (Abyss:3)
36 creatures vanquished.

Grand Total: 2255 creatures vanquished

Notes
Turn   | Place    | Note
-------+----------+-------------------------------------------
     0 | D:1      | BubbleThief the Naga Alchemist began the quest for the Orb.
     0 | D:1      | Reached XP level 1. HP: 15/15 MP: 3/3
   193 | D:1      | Reached XP level 2. HP: 22/22 MP: 5/5
   599 | D:1      | Reached XP level 3. HP: 28/28 MP: 6/6
  1121 | D:2      | Learned a level 3 spell: Mephitic Cloud
  1354 | D:2      | Found a faded altar of an unknown god.
  1464 | D:2      | Found Utuom's General Store.
  1774 | D:2      | Reached skill level 5 in Alchemy
  1890 | D:3      | Reached XP level 4. HP: 36/36 MP: 4/8
  1895 | D:3      | Learned a level 4 spell: Olgreb's Toxic Radiance
  2235 | D:3      | Reached XP level 5. HP: 32/42 MP: 1/9
  2303 | D:3      | Identified the +10 chain mail of Restlessness {rPois rF-
                  | MP+9 Int+3}
  3213 | D:4      | Reached XP level 6. HP: 31/49 MP: 1/11
  3404 | D:4      | Noticed Dowan
  3405 | D:4      | Noticed Duvessa
  3419 | D:4      | Killed Dowan
  3431 | D:4      | Found a staircase to the Ecumenical Temple.
  3440 | Temple   | Entered the Ecumenical Temple
  3450 | Temple   | Became a worshipper of Elyvilon the Healer
  3494 | D:5      | Entered Level 5 of the Dungeon
  3566 | D:5      | Noticed Blork the orc
  3575 | D:5      | Killed Blork the orc
  3664 | D:5      | Reached XP level 7. HP: 48/55 MP: 7/13
  3669 | D:5      | Learned a level 4 spell: Sticky Flame
  3727 | D:5      | Found a glowing golden altar of the Shining One.
  4013 | D:5      | Reached * piety under Elyvilon
  4955 | D:6      | Found a transporter.
  5039 | D:6      | Reached skill level 5 in Spellcasting
  5039 | D:6      | Reached skill level 1 in Fire Magic
  5084 | D:6      | Reached XP level 8. HP: 62/62 MP: 10/15
  5090 | D:6      | Identified the +0 cloak of the Onion {rF+}
  5350 | D:6      | Reached ** piety under Elyvilon
  5363 | D:6      | Noticed a kobold demonologist
  5371 | D:6      | Found a transporter.
  5647 | D:6      | Found a runed translucent door.
  5647 | D:6      | Noticed cforsyth's ghost (novice DjWr)
  6032 | D:7      | Found an iron altar of Okawaru.
  6327 | D:7      | Reached XP level 9. HP: 11/68 MP: 1/19
  6583 | D:7      | Reached skill level 5 in Fire Magic
  6832 | D:7      | Found an ancient bone altar of Kikubaaqudgha.
  7182 | D:7      | Reached skill level 1 in Fighting
  7253 | D:7      | Reached *** piety under Elyvilon
  7391 | D:7      | Found a burning altar of Makhleb.
  7572 | D:8      | Found a runed translucent door.
  7627 | D:8      | Reached skill level 2 in Fighting
  7764 | D:8      | Reached skill level 3 in Fighting
  7773 | D:8      | Reached skill level 4 in Fighting
  7774 | D:8      | Reached XP level 10. HP: 82/86 MP: 6/22
  8049 | D:8      | Found a basalt altar of Yredelemnul.
  8116 | D:9      | Reached **** piety under Elyvilon
  8217 | D:9      | Reached skill level 5 in Fighting
  8316 | D:9      | Noticed Joseph
  8323 | D:9      | Noticed a tengu warrior
  8330 | D:9      | Killed Joseph
  8351 | D:9      | Killed a tengu warrior
  8352 | D:9      | Reached skill level 6 in Fighting
  8469 | D:9      | Found a glowing silver altar of Zin.
  8643 | D:9      | Reached ***** piety under Elyvilon
  8856 | D:10     | Entered Level 10 of the Dungeon
  8869 | D:10     | Found a staircase to the Lair.
  8924 | D:10     | Reached skill level 7 in Fighting
  8924 | D:10     | Reached skill level 10 in Spellcasting
  9065 | D:10     | Noticed a two-headed ogre
  9072 | D:10     | Killed a two-headed ogre
  9073 | D:10     | Reached skill level 8 in Fighting
  9073 | D:10     | Reached XP level 11. HP: 98/104 MP: 16/25
  9283 | D:10     | Reached skill level 9 in Fighting
  9283 | D:10     | Reached skill level 1 in Shields
  9528 | D:10     | Found a staircase to the Orcish Mines.
  9592 | D:10     | Noticed Erolcha
  9597 | D:10     | Killed Erolcha
  9737 | D:10     | Found a radiant altar of Vehumet.
  9776 | D:10     | Identified a scroll of acquirement
  9798 | D:10     | Acquired 1158 gold pieces
  9828 | Lair:1   | Entered Level 1 of the Lair of Beasts
  9883 | Lair:1   | Reached skill level 10 in Fighting
  9934 | Lair:1   | Noticed a death yak
  9941 | Lair:1   | Killed a death yak
 10115 | Lair:1   | Reached skill level 5 in Shields
 10187 | Lair:1   | Identified the +2 scale mail of Yesterday {rC+}
 10257 | Lair:1   | Reached skill level 11 in Fighting
 10388 | Lair:1   | Reached XP level 12. HP: 120/120 MP: 21/26
 10896 | Lair:2   | Noticed a four-headed hydra
 10906 | Lair:2   | Killed a four-headed hydra
 11146 | Lair:2   | Reached skill level 12 in Fighting
 11399 | Lair:2   | Reached skill level 1 in Invocations
 11888 | Lair:2   | Found a staircase to the Swamp.
 12172 | Lair:3   | Gained mutation: You can use your snake-like lower body to
                  | constrict enemies. [Naga growth]
 12172 | Lair:3   | Reached XP level 13. HP: 112/130 MP: 22/27
 12646 | Lair:3   | Reached skill level 13 in Fighting
 12646 | Lair:3   | Reached skill level 5 in Invocations
 13061 | Lair:3   | Found a staircase to the Snake Pit.
 13276 | Lair:3   | Found a runed translucent door.
 14288 | Lair:4   | Found a viscous altar of Jiyva.
 14288 | Lair:4   | Found a staircase to the Slime Pits.
 14305 | Lair:4   | Reached XP level 14. HP: 99/139 MP: 25/29
 14513 | Lair:4   | Reached ****** piety under Elyvilon
 14704 | Lair:5   | Entered Level 5 of the Lair of Beasts
 15132 | Lair:5   | Reached skill level 10 in Shields
 15498 | Lair:5   | Reached skill level 14 in Fighting
 15981 | Lair:5   | Identified the ring "Joxteu" {rElec rCorr Str+9 Int+6 SInv}
 16458 | D:10     | Found a stormy altar of Qazlal.
 16465 | D:10     | Found an ancient bone altar of Kikubaaqudgha.
 16468 | D:10     | Found an opulent altar of Gozag.
 17114 | D:11     | Noticed Psyche
 17119 | D:11     | Killed Psyche
 17255 | Orc:1    | Entered Level 1 of the Orcish Mines
 17290 | Orc:2    | Entered Level 2 of the Orcish Mines
 17316 | Orc:2    | Found Osogimm's Magic Scroll Shop.
 17317 | Orc:2    | Found a staircase to the Elven Halls.
 17324 | Orc:2    | Bought a scroll of enchant armour for 127 gold pieces
 17324 | Orc:2    | Bought a scroll of revelation for 127 gold pieces
 17328 | Orc:2    | Noticed Jorgrun
 17328 | Orc:2    | Noticed Azrael
 17344 | Orc:2    | Killed Jorgrun
 18106 | D:12     | Noticed Maurice
 18121 | D:12     | Killed Maurice
 18554 | D:12     | Noticed Snorg
 18564 | D:12     | Killed Snorg
 19254 | D:13     | Reached XP level 15. HP: 61/152 MP: 17/31
 19560 | D:13     | Reached skill level 10 in Invocations
 19574 | D:13     | Reached skill level 15 in Fighting
 19765 | D:14     | Found a gate leading to a gauntlet.
 19771 | Gauntlet | Entered a Gauntlet
 19771 | Gauntlet | Found a transporter.
 19845 | Gauntlet | Found a transporter.
 19845 | Gauntlet | Found a transporter.
 19846 | Gauntlet | Found a transporter.
 19850 | Gauntlet | Found a runed translucent door.
 19850 | Gauntlet | Found a runed translucent door.
 19854 | Gauntlet | Found a transporter.
 19857 | Gauntlet | Found a transporter.
 19858 | Gauntlet | Found a transporter.
 19870 | Gauntlet | Found a transporter.
 19871 | Gauntlet | Found a transporter.
 19871 | Gauntlet | Found a transporter.
 19875 | Gauntlet | Found a runed translucent door.
 19878 | Gauntlet | Found a runed translucent door.
 19879 | Gauntlet | Found a transporter.
 19882 | Gauntlet | Found a transporter.
 19883 | Gauntlet | Found a transporter.
 19890 | Gauntlet | Found a runed translucent door.
 19893 | Gauntlet | Found a transporter.
 20162 | Gauntlet | Identified the +0 pair of gloves of the Guardian {rC+}
 20438 | Gauntlet | Found the +7 lajatang of Order {silver, rMut}
 20443 | Gauntlet | Identified the +2 sling "Oqionoh" {drain, *Slow rF+++ Will+
                  | rCorr}
 21476 | D:13     | Found the +5 Lochaber axe {reach-cleave, Poleaxe ^Drain}
 21632 | D:13     | Found a gate to the Vaults.
 21837 | D:14     | Learned a level 2 spell: Blink
 22167 | D:15     | Entered Level 15 of the Dungeon
 22535 | D:15     | Noticed Agnes
 22548 | D:15     | Killed Agnes
 22939 | D:15     | Reached XP level 16. HP: 123/165 MP: 9/32
 23043 | D:15     | Found a staircase to the Depths.
 23202 | D:15     | Found a hazy altar of Hepliaklqana.
 23671 | D:15     | Noticed Kirke
 23682 | D:15     | Killed Kirke
 23683 | D:15     | Reached skill level 16 in Fighting
 23984 | Orc:2    | Killed Azrael
 24070 | Orc:2    | Identified the +1 robe of the Ladybird {*Slow Str+7 Stlth-
                  | Archmagi}
 24074 | Orc:2    | Found a burning altar of Makhleb.
 24303 | Orc:2    | Found Momoas's Antique Weapon Shoppe.
 24402 | Orc:2    | Found Dogosiwn's Antique Armour Emporium.
 24413 | Orc:2    | Noticed Urug
 24423 | Orc:2    | Killed Urug
 24431 | Orc:2    | Bought an embroidered scarf for 264 gold pieces
 24740 | Orc:2    | Found Fieda's General Store.
 24817 | Orc:2    | Found Geghanis's Antique Armour Shoppe.
 25337 | Orc:1    | Noticed Erica
 25342 | Orc:1    | Killed Erica
 25960 | D:6      | Killed cforsyth's ghost
 26034 | D:4      | Killed Duvessa
 26181 | D:4      | Noticed Sigmund
 26185 | D:4      | Killed Sigmund
 26459 | D:2      | Bought the +3 crown of Dyrovepreva {rElec Int+2 SInv} for
                  | 414 gold pieces
 26459 | D:2      | Found the +3 crown of Dyrovepreva {rElec Int+2 SInv}
 26459 | D:2      | Bought a scroll of enchant armour for 75 gold pieces
 26459 | D:2      | Bought a scroll of enchant armour for 75 gold pieces
 26733 | Snake:1  | Entered Level 1 of the Snake Pit
 27281 | Snake:1  | Found Eurybarus's Dragon-Slaying Spoils.
 28807 | Snake:2  | Reached skill level 1 in Axes
 29015 | Snake:2  | Identified the +0 ring mail of the Slightly Bent {Stlth+}
 29220 | Snake:2  | Reached XP level 17. HP: 163/175 MP: 30/34
 29555 | Snake:2  | Reached skill level 5 in Axes
 29691 | Snake:2  | Found a shimmering blue altar of Sif Muna.
 30434 | Snake:3  | Identified the +1 ring mail of Jeor {rN+}
 30692 | Snake:3  | Noticed Vashnia
 30707 | Snake:3  | Killed Vashnia
 30972 | Snake:3  | Identified the +0 ring mail of Intuition {rF+}
 31331 | Swamp:1  | Entered Level 1 of the Swamp
 31374 | Swamp:1  | Reached skill level 10 in Axes
 31702 | Swamp:1  | Found a runed translucent door.
 31702 | Swamp:1  | Noticed ShellytheWitch's ghost (adept KoBr)
 32419 | Swamp:2  | Noticed Frances
 32443 | Swamp:2  | Killed Frances
 33103 | Swamp:2  | HP: 9/218 [bunyip (38)]
 33105 | Swamp:2  | Reached XP level 18. HP: 11/228 MP: 25/43
 33945 | Swamp:4  | Entered Level 4 of the Swamp
 34582 | Swamp:4  | Identified the ring "Fyhon" {Int+6 SInv}
 34989 | Swamp:4  | Reached skill level 15 in Axes
 35132 | Swamp:4  | Got a decaying rune of Zot
 35498 | Snake:4  | Entered Level 4 of the Snake Pit
 35875 | Snake:4  | Noticed Louise
 35884 | Snake:4  | Killed Louise
 36153 | Snake:4  | Noticed Mlioglotl
 36164 | Snake:4  | Killed Mlioglotl
 36177 | Snake:4  | Identified the +1 robe "Couta" {Str+2}
 36499 | Snake:4  | Got a serpentine rune of Zot
 36571 | Snake:4  | Reached XP level 19. HP: 168/190 MP: 31/36
 37183 | Snake:1  | Bought +2 pearl dragon scales for 1626 gold pieces
 37460 | Vaults:1 | Entered Level 1 of the Vaults
 37694 | Vaults:1 | Found a crumbling gateway.
 37702 | Desolati | Entered the Desolation of Salt
 37788 | Desolati | HP: 8/190 [guardian serpent/bolt of poison (2)]
 37809 | Desolati | Reached skill level 1 in Armour
 38401 | Desolati | Reached skill level 17 in Fighting
 38402 | Desolati | Got Dispater's Commentary on United Metal
 39531 | Desolati | Got the Codex of the Mutagenic Salamander
 39532 | Desolati | Identified the +0 leather armour of Gegefiru {-Tele rF+++
                  | rCorr Dex+2}
 39539 | Desolati | Identified the +5 ring mail "Evepojuh" {SInv}
 39893 | Desolati | Found the +6 lightning scales {swift, rElec}
 40301 | Vaults:1 | Noticed Nikola
 40301 | Vaults:1 | Noticed Boris
 40310 | Vaults:1 | Killed Nikola
 40315 | Vaults:1 | Killed Boris
 40337 | Vaults:1 | Found Uczim's Magic Scroll Shoppe.
 40586 | Vaults:1 | Reached XP level 20. HP: 134/201 MP: 27/38
 42030 | Vaults:2 | Reached skill level 5 in Armour
 42793 | Vaults:2 | Reached skill level 15 in Spellcasting
 42799 | Vaults:2 | Reached skill level 18 in Fighting
 42887 | Vaults:2 | Paralysed by a formless jellyfish for 1 turns
 43268 | Vaults:2 | Found a runed translucent door.
 43268 | Vaults:2 | Noticed Ambrosia's ghost (adept MiGl)
 44533 | Vaults:3 | Reached skill level 15 in Shields
 44605 | Vaults:3 | Reached XP level 21. HP: 155/213 MP: 28/40
 44767 | Vaults:3 | Found a portal to a secret trove of treasure.
 45568 | Vaults:3 | Found a staircase to the Crypt.
 46154 | Vaults:4 | Identified the +0 pearl dragon scales of Vampiric Thralls
                  | {rC++ rN+ Regen+ rCorr MP+9 Stlth+}
 46261 | Vaults:4 | Identified the +7 battleaxe of Doubt {speed, Str+2}
 47394 | Vaults:4 | Reached skill level 19 in Fighting
 48311 | Depths:1 | Entered Level 1 of the Depths
 48311 | Depths:1 | Found a one-way gate to the infinite horrors of the Abyss.
 48504 | Depths:1 | Found a one-way gateway to a ziggurat.
 48860 | Depths:1 | Reached XP level 22. HP: 198/225 MP: 42/42
 49012 | Depths:1 | Found a gateway to Hell.
 49117 | Depths:1 | Noticed Norris
 49144 | Depths:1 | Killed Norris
 49265 | Depths:1 | Found a runed translucent gate.
 49265 | Depths:1 | Found a runed translucent gate.
 49265 | Depths:1 | Found a runed translucent gate.
 49624 | Depths:2 | Found a one-way gate leading to the halls of Pandemonium.
 49876 | Depths:2 | Found Dianovuz's Armour Shoppe.
 49927 | Depths:2 | Found Xeucses's Magic Scroll Boutique.
 49963 | Depths:2 | Bought a scroll of enchant weapon for 105 gold pieces
 49963 | Depths:2 | Bought a scroll of blinking for 105 gold pieces
 49991 | Depths:2 | Found Sopn's Magic Scroll Emporium.
 50002 | Depths:2 | Bought a scroll of teleportation for 42 gold pieces
 50002 | Depths:2 | Bought a scroll of teleportation for 42 gold pieces
 50002 | Depths:2 | Bought a scroll of enchant armour for 105 gold pieces
 50002 | Depths:2 | Bought a scroll of blinking for 105 gold pieces
 50085 | Depths:2 | Found a broken altar of Ashenzari.
 50104 | Depths:2 | Found a shadowy altar of Dithmenos.
 50620 | Depths:2 | Found Vusiroso's Antique Armour Shop.
 51012 | Depths:2 | Found Xoligaogigh's Armour Shop.
 51056 | Depths:3 | Noticed Parghit
 51847 | Depths:4 | Entered Level 4 of the Depths
 51897 | Depths:4 | Reached skill level 20 in Fighting
 51929 | Depths:4 | Noticed a golden dragon
 51974 | Depths:4 | Killed a golden dragon
 51975 | Depths:4 | Reached skill level 10 in Armour
 52022 | Depths:4 | Reached XP level 23. HP: 210/235 MP: 26/44
 52235 | Depths:4 | Noticed a juggernaut
 52253 | Depths:4 | Killed a juggernaut
 52831 | Depths:4 | Noticed a caustic shrike
 52831 | Depths:4 | Noticed a caustic shrike
 52832 | Depths:4 | Noticed a caustic shrike
 52834 | Depths:4 | Noticed a caustic shrike
 52835 | Depths:4 | Noticed a caustic shrike
 52839 | Depths:4 | Killed a caustic shrike
 52848 | Depths:4 | Killed a caustic shrike
 52856 | Depths:4 | Killed a caustic shrike
 52862 | Depths:4 | Killed a caustic shrike
 52869 | Depths:4 | Killed a caustic shrike
 53012 | Depths:4 | Found Enulun's Armour Shop.
 53188 | Depths:4 | Found a gate to the Realm of Zot.
 53373 | Zig:1    | Entered Level 1 of a ziggurat
 53389 | Zig:2    | Entered Level 2 of a ziggurat
 53410 | Zig:3    | Entered Level 3 of a ziggurat
 53410 | Zig:3    | Noticed a Killer Klown
 53429 | Zig:3    | Killed a Killer Klown
 53449 | Zig:4    | Entered Level 4 of a ziggurat
 53468 | Zig:5    | Entered Level 5 of a ziggurat
 53697 | Zig:6    | Entered Level 6 of a ziggurat
 53773 | Zig:6    | Identified the +3 mace of Deabrel {heavy, rN+}
 53853 | Zig:7    | Entered Level 7 of a ziggurat
 53925 | Zig:7    | Learned a level 6 spell: Eringya's Noxious Bog
 53937 | Zig:7    | Identified the staff of Fate {rPois Int+3 Alchemy}
 53941 | Zig:7    | Got Everyday Theurgy
 54003 | Zig:8    | Entered Level 8 of a ziggurat
 54015 | Zig:8    | Noticed a dread lich
 54025 | Zig:8    | Paralysed by accursed screaming for 1 turns
 54526 | Vaults:5 | Entered Level 5 of the Vaults
 54526 | Vaults:5 | Noticed an ancient lich
 54542 | Vaults:5 | Killed an ancient lich
 54543 | Vaults:5 | Reached skill level 10 in Alchemy
 54789 | Vaults:5 | Identified the +8 falchion "Yngab" {spect, Dex+3}
 54795 | Vaults:5 | Reached XP level 24. HP: 213/247 MP: 36/45
 55544 | Vaults:5 | Noticed a dread lich
 55553 | Vaults:5 | Killed a dread lich
 56653 | Vaults:5 | Got the Quarto of Coordinates and the Mantle
 56870 | Vaults:5 | Identified the staff of Stickiness {rF+ rC+ Summ Ice}
 57352 | Vaults:5 | Got a silver rune of Zot
 57570 | Vaults:5 | Noticed an ancient lich
 57581 | Vaults:5 | Killed an ancient lich
 57640 | Vaults:5 | Found Soisod's Magic Scroll Shoppe.
 57645 | Vaults:5 | Bought a scroll of teleportation for 36 gold pieces
 57645 | Vaults:5 | Bought a scroll of teleportation for 36 gold pieces
 57645 | Vaults:5 | Bought a scroll of teleportation for 36 gold pieces
 57652 | Vaults:5 | Found Feuph's Magic Scroll Shop.
 57652 | Vaults:5 | Found Bonomepo's Magic Scroll Shoppe.
 57657 | Vaults:5 | Bought a scroll of teleportation for 48 gold pieces
 57657 | Vaults:5 | Bought a scroll of teleportation for 48 gold pieces
 57657 | Vaults:5 | Bought a scroll of teleportation for 48 gold pieces
 57664 | Vaults:5 | Bought 3 scrolls of teleportation for 126 gold pieces
 58305 | Elf:1    | Entered Level 1 of the Elven Halls
 58308 | Elf:1    | Found Qituuvuq's Assorted Antiques.
 58322 | Elf:1    | Reached skill level 21 in Fighting
 58342 | Elf:1    | Bought a potion of heal wounds for 175 gold pieces
 58671 | Elf:1    | Found Seax Xauzyi's Antique Weapon Shoppe.
 58722 | Elf:1    | Paralysed by an air elemental for 1 turns
 58752 | Elf:1    | Paralysed by an air elemental for 1 turns
 59589 | Elf:2    | Found a runed translucent gate.
 59589 | Elf:2    | Found a runed translucent gate.
 59591 | Elf:2    | Found a runed translucent gate.
 60089 | Elf:2    | Reached XP level 25. HP: 230/258 MP: 46/46
 60759 | Elf:3    | Entered Level 3 of the Elven Halls
 61086 | Elf:3    | Found Hexybbea's Tremendous Tomes.
 61095 | Elf:3    | Bought the Volume of Misfortune and Soot for 1900 gold
                  | pieces
 61106 | Elf:3    | Learned a level 9 spell: Fire Storm
 61967 | Elf:3    | Identified the +6 dagger of the Big Bang {pain, SInv}
 62091 | Elf:3    | Reached skill level 22 in Fighting
 62128 | Elf:3    | Identified the amulet "Dirocas" {Spirit Dex+4}
 62509 | Elf:3    | Identified the +5 long sword of Green Guile {protect, rPois
                  | Int+2}
 62598 | Elf:3    | Identified the +2 short sword "Orb Guardian's Regret"
                  | {flame, rElec rN++ rCorr Dex-4}
 62639 | Elf:3    | Identified the staff of Koroggot {*Corrode rC+ Str+3 Dex+4
                  | Tloc Ice}
 62740 | Elf:3    | Identified the +5 falchion of Gucoipha {pain, rN+++ Will-
                  | Dex+3 Stlth+}
 62748 | Elf:3    | Identified the +2 arbalest of the Jester {drain, rElec
                  | rN+++ Str-2 Int+2}
 63044 | Depths:1 | Voluntarily entered the Abyss.
 63136 | Abyss:1  | Found a corrupted altar of Lugonu.
 63242 | Abyss:3  | Found a corrupted altar of Lugonu.
 63262 | Abyss:3  | Found a corrupted altar of Lugonu.
 63269 | Abyss:3  | Found a corrupted altar of Lugonu.
 63317 | Abyss:3  | Found a corrupted altar of Lugonu.
 63425 | Abyss:3  | Paralysed by accursed screaming for 2 turns
 63430 | Abyss:3  | Paralysed by accursed screaming for 1 turns
 63434 | Abyss:3  | Found a corrupted altar of Lugonu.
 63472 | Abyss:3  | Got an abyssal rune of Zot
 63480 | Depths:1 | Escaped the Abyss
 63692 | Depths:3 | Killed Parghit
 64176 | Depths:3 | Noticed Grunn
 64431 | Depths:3 | Killed Grunn
 64738 | Zot:1    | Entered Level 1 of the Realm of Zot
 64989 | Zot:1    | Reached skill level 5 in Conjurations
 65098 | Zot:1    | Reached XP level 26. HP: 267/271 MP: 47/47
 65170 | Zot:1    | Found a transporter.
 65444 | Zot:1    | Identified the +7 rapier of Frustration {heavy, *Slow rN+
                  | Will+}
 65540 | Zot:1    | Found a transporter.
 65691 | Zot:1    | Noticed a dread lich
 65715 | Zot:1    | Killed a dread lich
 65737 | Zot:1    | Identified the amulet "Numouzoc" {^Fragile Regen+ Int+4
                  | Dex+3}
 65747 | Zot:1    | Identified the ring of Rirhit {rC+ Str+6 Int+4}
 66770 | Zot:2    | Found the +4 dragonskin cloak
 66770 | Zot:2    | Noticed Tiamat
 66817 | Zot:2    | Killed Tiamat
 67344 | Zot:3    | Reached skill level 10 in Conjurations
 67712 | Abyss:3  | Found a corrupted altar of Lugonu.
 67712 | Abyss:3  | Cast into level 3 of the Abyss (purple draconian shifter)
 67753 | Abyss:3  | Reached skill level 10 in Fire Magic
 67778 | Zot:3    | Escaped the Abyss
 69086 | Zot:5    | Entered Level 5 of the Realm of Zot
 69368 | Zot:5    | Reached XP level 27. HP: 258/278 MP: 44/47
 69965 | Zot:5    | Noticed an orb of fire
 69968 | Zot:5    | Gained mutation: Your body sometimes deteriorates upon
                  | taking damage. [an orb of fire]
 69986 | Zot:5    | Gained mutation: Your body often deteriorates upon taking
                  | damage. [an orb of fire]
 69986 | Zot:5    | Gained mutation: Your magical capacity is low. (-10% MP)
                  | [an orb of fire]
 69991 | Zot:5    | Gained mutation: You are clumsy. (Dex -2) [an orb of fire]
 69995 | Zot:5    | Killed an orb of fire
 70018 | Zot:5    | Noticed an ancient lich
 70032 | Zot:5    | Noticed an orb of fire
 70036 | Zot:5    | Killed an ancient lich
 70041 | Zot:5    | HP: 15/345 [orb of fire/fireball (79)]
 70044 | Zot:5    | Gained mutation: You are frail. (-10% HP) [an orb of fire]
 70336 | Zot:5    | Noticed an orb of fire
 70343 | Zot:5    | Gained mutation: You are dopey. (Int -2) [an orb of fire]
 70349 | Zot:5    | Gained mutation: You are vulnerable to heat. (rF-) [an orb
                  | of fire]
 70361 | Zot:5    | HP: 8/313 [orb of fire/fireball (76)]
 70362 | Zot:5    | Elyvilon protects you from harm!
 70364 | Zot:5    | Gained mutation: You occasionally lose the ability to drink
                  | potions when taking damage. [an orb of fire]
 70368 | Zot:5    | Killed from afar by an orb of fire

Illustrated notes

Levels and vault maps discovered:
D:1:      dpeg_arrival_central, layout_loops_ring, chequers_arboretum
D:2:      layout_rooms, serial_shops, nicolae_lakefront_shop,
          shapermc_ecumenical_altar_mp_ritualfount
D:3:      layout_basic, serial_rivers, chequers_serial_rivers_small_b,
          chequers_serial_rivers_large_b, chequers_serial_rivers_marsh,
          chequers_serial_rivers_large_a, chequers_serial_rivers_micro_c,
          chequers_serial_rivers_micro_a
D:4:      cheibrodos_pilgrimage, layout_basic, minmay_temple_entry_mist,
          uniq_sigmund, uniq_duvessa
D:5:      layout_basic, mainiacjoe_overflow_surrounded_room, grunt_ministairs_1,
          uniq_blork_the_orc
D:6:      gammafunk_wand_slinger, layout_cave_pools, gammafunk_ghost_grave
D:7:      layout_basic, okawaru_altar_gauntlet_db, lightli_temple_of_fire,
          hangedman_decor_riveting, roadster_capsule_ark_zombie
D:8:      layout_cave_pools, dk_yredelemnul_ordeal
D:9:      layout_irregular_city, mainiacjoe_overflow_brackets,
          eino_tiny_chamber, uniq_joseph
D:10:     layout_roguey, minmay_overflow_temple_star_quad,
          mainiacjoe_overflow_paths, minmay_lair_entry_grove, uniq_erolcha
D:11:     layout_long_grid, uniq_psyche
D:12:     old_forge, layout_grid_maze, uniq_maurice, uniq_snorg
D:13:     layout_small_grid, hellmonk_vaults_keyhole,
          nicolae_guarded_unrand_lochaber
D:14:     kennysheep_kobold_grotto, layout_stronghold, minivault_14,
          gauntlet_entry_generic
D:15:     gammafunk_depths_entry_grave, layout_loops_corners,
          nicolae_hepliaklqana_hazy_memory, uniq_kirke, uniq_agnes
Temple:   hellmonk_temple_forest_ring
Lair:1:   layout_cave_shapes, chequers_serial_rivers_small_b, lemuel_fruit_tree
Lair:2:   layout_long_grid, minmay_swamp_entry_swarm
Lair:3:   gammafunk_lair_enchanted_lake, layout_small_grid,
          nicolae_snake_entry_squirm, portal_ice_cave_demonic_guard
Lair:4:   layout_roguey, slime_entry_1, lemuel_fruit_fields,
          lemuel_fruit_fields, infiniplex_staircase_pool_2
Lair:5:   minmay_lair_end_enchanted_forest, layout_long_grid
Swamp:1:  layout_basic_swamp, gammafunk_ghost_grave, nicolae_swamp_oxbows,
          nicolae_swamp_decorative_isthmus
Swamp:2:  nicolae_swamp_ascending_descending_big, layout_basic_swamp,
          nicolae_swamp_very_dense_foliage, uniq_frances
Swamp:3:  layout_basic_swamp, nicolae_swamp_orc_logging_accident, swamp_pool_4
Swamp:4:  grunt_swamp_rune_castle, layout_basic_swamp, swamp_pool_1_2,
          nicolae_swamp_long_stream
Snake:1:  layout_cave_pods, nicolae_shop_dragon_depot, grunt_megastairs_4
Snake:2:  layout_grid_shapes, lemuel_altar_in_water2, abandoned_shop,
          st_stairs_10
Snake:3:  layout_rooms, serial_bayou_shore_b, uniq_vashnia
Snake:4:  snake_pit, layout_cave_town, nicolae_snake_lava_pool, uniq_mlioglotl,
          uniq_louise
Orc:1:    layout_diamond_mine, nicolae_orc_takin'_care_of_business, uniq_erica
Orc:2:    grunt_orc_community_town_hall, layout_caves,
          grunt_orc_community_big_house_2, grunt_orc_community_big_house_1,
          grunt_orc_community_house_2, grunt_orc_community_house_3,
          grunt_orc_community_house_1, grunt_orc_community_house_1,
          serial_shops, nicolae_shop_tiny_waterfront, bloody_makhleb,
          uniq_jorgrun, uniq_azrael, uniq_urug
Elf:1:    layout_gridlike, serial_shops,
          nicolae_shop_temple_entry_statues_fountains,
          nicolae_shop_pleasant_corner_grove, nicolae_shop_industrial_runoff,
          gammafunk_ghost_grave, evilmike_minifort, minmay_shop_star
Elf:2:    elven_hall_of_blades_hangedman_original
          [nicolae_blade_entry_floor_patterns], layout_loops_corners,
          nrook_loot_triangle, serial_library_hellmonk_room_c,
          minmay_checkered_concentric_circles
Elf:3:    minmay_elf_hall_furrowed, layout_geoelf_grid, minivault_16,
          nicolae_shop_i_like_big_books
Vaults:1: portal_desolation_entry_nicolae_slug, grunt_vaults_hallway_long,
          v_misc_3, grunt_vaults_trifunnel, nicolae_vaults_tetromino_Z_1,
          hangedman_vaults_nodes, dpeg_vaults_waves,
          nicolae_vaults_trapezoid_lopsided_3, nicolae_vaults_network_periphery,
          vaults_dpeg_emergency_exit, vaults_room_grunt_arrival_ludios,
          vaults_dpeg_ring, hangedman_vaults_snaps, layout_vaults_omnicross,
          serial_shops, nicolae_shop_pleasant_corner_grove, uniq_nikola,
          uniq_boris
Vaults:2: hellmonk_ghost_happy_afterlife, nicolae_vaults_trapezoid_3,
          dpeg_vaults_monster_box, nicolae_vaults_trapezoid_2, v_rooms_6,
          vaults_room_semicircle, ontoclasm_vaults_ring_small,
          nicolae_vaults_double_plus_2, vaults_room_stairs_pillars,
          nicolae_vaults_house_2, layout_vaults_omnigrid
Vaults:3: hangedman_vaults_stitches, vaults_room_pool,
          nicolae_vaults_closet_pinwheel_1, nicolae_vaults_six-pack,
          nicolae_vaults_closet_pinwheel_3, dpeg_vaults_monster_row,
          minmay_crypt_entry_simple_plaza, nicolae_vaults_house_3,
          nicolae_vaults_circle_grid_b, nicolae_vaults_little_squares_6,
          v_misc_10, nicolae_vaults_double_plus_1,
          ontoclasm_vaults_decontamination, vaults_room_door_ring,
          layout_vaults_omnibox, trove_entry_hex_spiral
Vaults:4: nicolae_vaults_little_squares_6, grunt_vaults_hallway_short,
          v_misc_26, nicolae_vaults_know_your_exits, ontoclasm_vaults_chip,
          nicolae_vaults_lightning_bolt, nicolae_vaults_little_squares_1,
          vaults_room_fours, nicolae_vaults_diamond_1, ontoclasm_vaults_chip,
          layout_vaults_chaotic_city
Vaults:5
Depths:1: layout_basic, enter_ziggurat_e, hell_entry,
          nicolae_abyss_entry_one_way_or_another, nrook_pool_corridor,
          pandoras_box_mu, uniq_norris
Depths:2: minmay_the_grid_plus_closed [minmay_the_grid_outer_diamond,
          minmay_the_grid_mess, minmay_the_grid_minigrid_medium,
          minmay_the_grid_zigzag_pyramid, minmay_the_grid_prize_trominoes],
          layout_basic, rand_demon_pan_entry_3, serial_shops, shop,
          nicolae_shop_competitors_out_of_business, nicolae_shop_behind_doors,
          nicolae_lakefront_shop, shop, hell_entry, evilmike_ruin_ashenzari,
          serial_bayou_pond_b, nicolae_dithmenos_through_a_glass_darkly
Depths:3: minmay_containers, layout_cave_shapes, hangedman_abyss_entry_splay,
          hell_entry, chequers_serial_rivers_room_b, minmay_fountain_box,
          minmay_staircase_bubble, uniq_grunn, uniq_parghit
Depths:4: grunt_zot_entry_gee_three, layout_gridville, serial_shops, shop,
          serial_bayou_lagoon_a, pf_hell_entry_tar_river
Zot:1:    gammafunk_its_a_trap, layout_twisted_circle
Zot:2:    layout_concentric_octagons, uniq_tiamat
Zot:3:    layout_twisted_circle
Zot:4:    layout_onion, regret_index_zotdec_twisting_globes
Zot:5:    layout_gridville, regret_index_zotdec_carving_tricks,
          skrybe_zot_glass_2

Skill      XL: |  1  2  3  4  5  6  7  8  9 10 11 12 13 14 15 16 17 18 19 20 21 22 23 24 25 26 27 |
---------------+----------------------------------------------------------------------------------+-----
Alchemy        | 4 5 6 7 9 10 13 | 13.1
Spellcasting   | 3 4 5 6 8 10 11 12 13 14 15 16 17 18 19 20 | 20.4
Fire Magic     | 1 4 6 7 11 12 | 12.9
Fighting       | 4 8 11 12 13 14 15 16 17 18 19 20 21 22 | 22.7
Shields        | 5 8 9 11 12 13 14 15 16 17 18 | 18.0
Invocations    | 3 6 9 11 12 | 12.0
Axes           | 4 12 16 18 | 18.0
Armour         | 3 6 8 10 11 12 | 12.0
Conjurations   | 5 12 13 | 13.4
Dodging        | |  1.5
Stealth        | |  3.0

Action                     |  1- 3 |  4- 6 |  7- 9 | 10-12 | 13-15 | 16-18 | 19-21 | 22-24 | 25-27 || total
---------------------------+-------+-------+-------+-------+-------+-------+-------+-------+-------++-------
  Melee: Dagger            |     2 |     4 |       |       |       |       |       |       |       ||     6
         Short sword       |       |    18 |   213 |   219 |   712 |   341 |       |       |       ||  1503
         Punch             |       |       |     2 |     4 |       |       |       |       |       ||     6
         Constrict         |       |       |       |       |   158 |   258 |   272 |   206 |   190 ||  1084
         Broad axe         |       |       |       |       |       |   591 |  1237 |  1335 |  1421 ||  4584
   Cast: Sting             |    47 |    40 |     6 |    10 |    12 |       |     1 |     1 |       ||   117
         Olgreb's Toxic Ra |       |     7 |    29 |    38 |   105 |    69 |    74 |    48 |    30 ||   400
         Mephitic Cloud    |       |     2 |     2 |     8 |    26 |     6 |    29 |    12 |     5 ||    90
         Sticky Flame      |       |       |    27 |    60 |   170 |   219 |    77 |    39 |     6 ||   598
         Blink             |       |       |       |       |     1 |     1 |     2 |     4 |       ||     8
         Eringya's Noxious |       |       |       |       |       |       |       |    15 |    20 ||    35
 Invoke: Heal Self         |       |       |       |       |     3 |     9 |    13 |    11 |    28 ||    64
         Divine Vigour     |       |       |       |       |       |     5 |     2 |     3 |     4 ||    14
Ability: Spit Poison       |    33 |    30 |    10 |    16 |    42 |     9 |     5 |    12 |     4 ||   161
  Evoke: Wand              |       |       |       |     3 |     1 |    39 |       |       |       ||    43
         Lightning rod     |       |       |       |       |     3 |     5 |       |       |       ||     8
         Sack of spiders   |       |       |       |       |     1 |       |       |       |       ||     1
         Phantom mirror    |       |       |       |       |       |       |       |       |     1 ||     1
    Use: Scroll            |       |     3 |     7 |    13 |    11 |     7 |     7 |    13 |     8 ||    69
         Potion            |       |       |     1 |       |     2 |     2 |     1 |     2 |     4 ||    12
   Stab: Sleeping          |       |       |     1 |     1 |       |     6 |     3 |       |       ||    11
         Distracted        |       |       |     1 |       |       |     1 |       |       |       ||     2
         Confused          |       |       |       |     4 |     4 |     2 |    29 |     5 |     6 ||    50
         Held in net/web   |       |       |       |       |       |       |       |       |     1 ||     1
 Armour: Robe              |    26 |    36 |   232 |    28 |       |       |       |       |       ||   322
         Troll leather arm |       |       |       |   246 |  1164 |  1327 |   297 |       |       ||  3034
         Pearl dragon scal |       |       |       |       |       |       |   930 |  1522 |  1738 ||  4190
  Dodge: Dodged            |    20 |    22 |   100 |    89 |   496 |   375 |   282 |   325 |   272 ||  1981
         Repelled          |       |       |       |       |       |       |    12 |     6 |       ||    18
  Block: Buckler           |       |       |       |    34 |   354 |       |       |       |       ||   388
         Kite shield       |       |       |       |       |    22 |   902 |   842 |   972 |   953 ||  3691

Table legend: (Time is in decaauts)
 A = Elapsed time spent in this place.
 B = Non-inter-level travel time spent in this place.
 C = Inter-level travel time spent in this place.
 D = Time resting spent in this place.
 E = Time spent auto-exploring this place.
 F = Levels seen in this place.
 G = Mean time per level.
                   A        B        C        D        E       F      G
               +--------+--------+--------+--------+--------+-----+--------+
         Total |  81358 |  74784 |   6574 |   7106 |  51375 |  62 | 1312.2 |
       Dungeon |  23212 |  20953 |   2259 |    559 |  16477 |  15 | 1547.5 |
        Temple |     26 |     15 |     11 |      0 |      0 |   1 |   26.0 |
          Lair |   8785 |   7397 |   1388 |    403 |   5468 |   5 | 1757.0 |
         Swamp |   4870 |   4657 |    213 |    435 |   3050 |   4 | 1217.5 |
     Snake Pit |   6974 |   6353 |    621 |    372 |   4510 |   4 | 1743.5 |
  Orcish Mines |   2325 |   2068 |    257 |     52 |   1539 |   2 | 1162.5 |
   Elven Halls |   4922 |   4679 |    243 |    595 |   2983 |   3 | 1640.7 |
        Vaults |  12843 |  11980 |    863 |   1880 |   7966 |   5 | 2568.6 |
        Depths |   6971 |   6432 |    539 |    861 |   4077 |   4 | 1742.8 |
           Zot |   6015 |   5839 |    176 |    120 |   4265 |   5 | 1203.0 |
         Abyss |    517 |    517 |      0 |     27 |    184 |   4 |  129.2 |
      Ziggurat |    668 |    668 |      0 |    321 |      0 |   8 |   83.5 |
    Desolation |   2435 |   2435 |      0 |   1254 |    542 |   1 | 2435.0 |
      Gauntlet |    790 |    790 |      0 |    222 |    309 |   1 |  790.0 |
               +--------+--------+--------+--------+--------+-----+--------+

Top non-repeatable levels by time:
Vaults:4: 3603 daAuts
Vaults:1: 2585 daAuts
  Lair:3: 2583 daAuts
Vaults:3: 2468 daAuts
Desolation: 2435 daAuts
   Elf:3: 2232 daAuts
    D:13: 2220 daAuts
Vaults:5: 2218 daAuts
 Snake:1: 2216 daAuts
     D:7: 2171 daAuts
    D:15: 2130 daAuts
Depths:2: 1984 daAuts
Vaults:2: 1967 daAuts
   Elf:2: 1963 daAuts
    D:12: 1949 daAuts
